[ PARTIDA AOE2 · #482738994 ]
Team RMJemeres vs Magyars
[ ANÁLISIS DE REPETICIÓN · EXTRAÍDO DE LA PARTIDA GRABADA ]
Feudal
—
Castillos
—
Imperial
—
| APM promedio | 27.9 |
| APM pico | 32 |
| eAPM promedio | 16.6 |
| Aldeanos / militares | 5 / 0 |
Foco
⚔️ 0.0% · 🌾 100.0%
Feudal
—
Castillos
—
Imperial
—
| APM promedio | 7.8 |
| APM pico | 9 |
| eAPM promedio | 7.8 |
| Aldeanos / militares | 0 / 0 |
Feudal
—
Castillos
—
Imperial
—
| APM promedio | 20.0 |
| APM pico | 22 |
| eAPM promedio | 13.9 |
| Aldeanos / militares | 5 / 0 |
Foco
⚔️ 0.0% · 🌾 100.0%
Feudal
—
Castillos
—
Imperial
—
| APM promedio | 17.4 |
| APM pico | 18 |
| eAPM promedio | 11.3 |
| Aldeanos / militares | 8 / 0 |
Foco
⚔️ 0.0% · 🌾 100.0%
Feudal
—
Castillos
—
Imperial
—
| APM promedio | 13.1 |
| APM pico | 13 |
| eAPM promedio | 9.6 |
| Aldeanos / militares | 0 / 0 |
Foco
⚔️ 0.0% · 🌾 100.0%
Feudal
—
Castillos
—
Imperial
—
| APM promedio | 18.3 |
| APM pico | 20 |
| eAPM promedio | 9.6 |
| Aldeanos / militares | 4 / 0 |
Foco
⚔️ 0.0% · 🌾 100.0%
Feudal
—
Castillos
—
Imperial
—
| APM promedio | 23.5 |
| APM pico | 26 |
| eAPM promedio | 12.2 |
| Aldeanos / militares | 5 / 0 |
Foco
⚔️ 0.0% · 🌾 100.0%
Feudal
—
Castillos
—
Imperial
—
| APM promedio | 45.3 |
| APM pico | 50 |
| eAPM promedio | 18.3 |
| Aldeanos / militares | 4 / 0 |
Foco
⚔️ 5.9% · 🌾 94.1%
Mapa de la partida
Recursos iniciales + cada clic de construcción. Líneas = muros · curvas = relieve. ◆ oro · ⬟ piedra · ● bayas · ✦ reliquia · ◌ hueco del cierre
Tu base
Base de zivrisinek
Base de julien315550
Base de ostiinn
Base de iok
Base de Artemis0880
Base de Phileas_Fogg
Base de 本人叫蔡徐坤
Terreno inicial suavizado · ◌ = hueco del cierre detectado · pasá el cursor para detalles
Inputs por minuto
— benedikt.bitter - - zivrisinek
Build order — benedikt.bitter
8 acciones detectadas en el replay
| 0:06 | Construir | House |
| 0:07 | Construir | House |
| 0:08 | Crear | Villager (Male) |
| 0:09 | Crear | Villager (Male) |
| 0:09 | Crear | Villager (Male) |
| 0:09 | Crear | Villager (Male) |
| 0:10 | Crear | Villager (Male) |
| 0:12 | Investigar | Loom |
Build order — zivrisinek
0 acciones detectadas en el replay
Build order — julien315550
10 acciones detectadas en el replay
| 0:07 | Construir | House |
| 0:15 | Crear | Villager (Male) |
| 0:16 | Crear | Villager (Male) |
| 0:16 | Crear | Villager (Male) |
| 0:16 | Crear | Villager (Male) |
| 0:16 | Crear | Villager (Male) |
| 0:17 | Investigar | Loom |
| 0:35 | Construir | House |
| 0:39 | Construir | House |
| 0:42 | Construir | House |
Build order — ostiinn
7 acciones detectadas en el replay
| 0:11 | Investigar | Loom |
| 0:12 | Crear | Villager (Male) ×4 |
| 0:12 | Crear | Villager (Male) ×4 |
| 0:15 | Construir | House |
| 0:54 | Construir | House |
| 0:56 | Construir | House |
| 1:01 | Construir | House |
Build order — iok
2 acciones detectadas en el replay
| 0:14 | Construir | Mill |
| 0:38 | Investigar | Loom |
Build order — Artemis0880
4 acciones detectadas en el replay
| 0:03 | Crear | Villager (Male) |
| 0:04 | Investigar | Loom |
| 0:04 | Crear | Villager (Male) ×3 |
| 0:13 | Construir | House |
Build order — Phileas_Fogg
7 acciones detectadas en el replay
| 0:01 | Crear | Villager (Male) |
| 0:01 | Crear | Villager (Male) |
| 0:02 | Crear | Villager (Male) |
| 0:02 | Crear | Villager (Male) |
| 0:02 | Crear | Villager (Male) |
| 0:03 | Construir | House |
| 0:06 | Construir | House |
Build order — 本人叫蔡徐坤
8 acciones detectadas en el replay
| 0:06 | Construir | House |
| 0:07 | Construir | House |
| 0:08 | Construir | House |
| 0:10 | Crear | Villager (Male) |
| 0:10 | Crear | Villager (Male) |
| 0:10 | Crear | Villager (Male) |
| 0:10 | Crear | Villager (Male) |
| 0:35 | Construir | Palisade Wall |
Cronología de la partida
| 0:28 | zivrisinek · resign |
| 0:35 | 本人叫蔡徐坤 · wall_segment Palisade Wall x11 |
[ ANÁLISIS IA · 1 CRÉDITO ]
¿Qué pasó realmente en esta partida?
Wolo.gg analiza cada decisión: build order, eco, micro, errores típicos por bracket. Análisis personalizado por WhatsApp o Discord en 30 segundos.
Guía civ
Jemeres
Guía mapa
Black Forest
Perfil
Jugador #3519454